Map: Moonlight Madness LE (Void)

Players

IIIIIIIIIIII - Winner!

  • Race: Protoss Protoss
  • League: Platinum

DestroyBoy

  • Race: Terran Terran
  • League: Platinum

VOD

Have the link to the VOD?

Description

Time

  • Played on: July 27, 2015, 3:12 a.m.
  • Length: 5:12
Show
View Real Time Build Order
Export as new Build Order

IIIIIIIIIIII Protoss - Winner!

Build Orders: Blink Stalkers 

Get SALT Encoding   

  12  0:01  Probe  
  13  0:15  Pylon  
  13  0:17  Probe  
  14  0:34  Probe (Chrono Boost), Gateway  
  16  0:42  Probe (Chrono Boost)  
  16  0:48  Assimilator  
  16  0:52  Probe  
  16  0:55  Assimilator  
  17  1:04  Probe, Pylon  
  18  1:17  Probe  
  19  1:22  Cybernetics Core  
  19  1:29  Probe  
  20  1:41  Probe  
  21  1:53  Probe  
  22  1:59  Stalker  
  22  2:00  Warp Gate (Chrono Boost)  
  24  2:03  Pylon  
  24  2:07  Probe  
  25  2:23  Twilight Council  
  25  2:28  Gateway  
  25  2:31  Stalker  
  27  2:42  Gateway  
  27  2:47  Gateway  
  27  3:01  Blink (Chrono Boost)  
  27  3:05  Mothership Core  
  29  3:14  Pylon  
  29  3:45  Stalker x3  
  29  3:46  Stalker  
  37  3:49  Pylon  
  37  4:09  Stalker x2  
  41  4:13  Stalker  
  43  4:19  Stalker  
  45  4:37  Stalker x2  
  49  4:49  Pylon  
  41  5:12  Stalker  
Show
View Real Time Build Order
Export as new Build Order

DestroyBoy Terran 

Build Orders:  

Get SALT Encoding   

  12  0:01  SCV  
  13  0:14  SCV  
  13  0:18  Supply Depot  
  14  0:26  SCV  
  15  0:40  SCV  
  16  0:44  Barracks  
  16  0:48  Refinery  
  16  0:52  SCV  
  17  1:07  SCV  
  18  1:19  SCV  
  19  1:36  Orbital Command  
  19  1:38  Barracks Tech Lab  
  19  1:46  Barracks  
  19  1:49  Engineering Bay  
  19  2:02  SCV  
  19  2:05  Marine  
  19  2:06  Stimpack  
  21  2:09  Refinery  
  21  2:15  SCV, Supply Depot  
  22  2:25  Missile Turret  
  22  2:27  SCV  
  23  2:36  Marine  
  24  2:38  Marine  
  24  2:40  Factory  
  25  2:47  SCV  
  25  3:00  Marine  
  25  3:02  Marauder  
  25  3:04  Terran Infantry Weapons Level 1  
  25  3:05  SCV  
  29  3:13  Supply Depot  
  29  3:20  Marine  
  29  3:23  SCV  
  31  3:31  Starport  
  31  3:35  Marauder  
  31  3:38  Supply Depot, Marine  
  34  3:45  Factory Reactor  
  34  3:56  Marine  
  34  4:00  Marauder  
  37  4:15  Supply Depot  
  37  4:17  Medivac  
  39  4:25  Marine x2, Marauder  
  43  4:44  Marine x2  
Tags
 
Add a new tag
Caveats
  • Supply blocks, unpowered buildings, or Contaminate may cause inaccurate times.
  • Supply counts are checked every 10 seconds.